Map: Lerilak Crest

Players

Eric

  • Race: Zerg Zerg
  • League: Gold

theHeaT - Winner!

  • Race: Terran Terran
  • League: Gold

VOD

Have the link to the VOD?

Description

Time

  • Played on: Jan. 26, 2016, 8:45 p.m.
  • Length: 17:04
Show
View Real Time Build Order
Export as new Build Order

Eric Zerg 

Build Orders: Hatch First 

Get SALT Encoding   

  12  0:11  Drone x2  
  14  0:39  Hatchery  
  14  0:42  Drone  
  14  0:56  Spawning Pool  
  13  0:58  Drone  
  14  1:05  Extractor  
  14  1:07  Drone  
  14  1:12  Overlord  
  14  1:31  Drone x3  
  17  1:44  Drone  
  18  1:53  Drone  
  19  1:55  Drone  
  19  1:56  Queen  
  22  2:04  Queen  
  24  2:17  Drone  
  24  2:18  Drone  
  26  2:25  Drone x2  
  26  2:27  Overlord  
  28  2:45  Spine Crawler  
  27  2:52  Hatchery  
  27  2:55  Drone  
  27  3:17  Baneling Nest  
  27  3:18  Drone x3  
  29  3:23  Drone x4  
  29  3:24  Drone  
  34  3:29  Metabolic Boost  
  34  3:33  Extractor  
  33  3:37  Drone  
  33  3:38  Drone  
  35  3:59  Zergling x2  
  35  4:01  Overlord x3  
  36  4:06  Queen  
  36  4:07  Drone  
  39  4:14  Zergling x6  
  42  4:19  Lair  
  42  4:26  Zergling x4  
  42  4:27  Zergling x2  
  42  4:29  Zergling x6  
  42  4:30  Zergling x2  
  49  4:34  Drone x2  
  51  4:41  Baneling x4  
  51  4:42  Baneling x2  
  51  4:47  Zergling x2  
  52  4:55  Drone x2  
  54  5:02  Drone x3  
  54  5:05  Extractor  
  54  5:06  Extractor, Drone  
  55  5:21  Centrifical Hooks  
  55  5:25  Evolution Chamber  
  55  5:26  Drone x3  
  57  5:29  Evolution Chamber  
  57  5:32  Drone x4  
  57  5:33  Hatchery, Drone  
  60  5:37  Drone x3  
  60  5:40  Drone x2  
  65  5:52  Overlord x2  
  65  5:54  Zerg Melee Weapons Level 1  
  65  5:57  Zerg Ground Armor Level 1  
  65  6:00  Overlord  
  65  6:15  Drone x6  
  71  6:22  Overlord  
  71  6:23  Overlord x2, Infestation Pit  
  70  6:27  Drone x2  
  70  6:28  Drone x3  
  70  6:29  Drone  
  76  6:39  Zergling x6  
  78  6:46  Spore Crawler  
  73  6:55  Hydralisk Den  
  72  7:02  Spore Crawler  
  72  7:03  Hive  
  72  7:06  Spore Crawler  
  70  7:10  Spore Crawler  
  70  7:11  Zergling x6  
  70  7:12  Zergling x6  
  75  7:18  Drone x3  
  77  7:25  Hydralisk  
  79  7:32  Extractor  
  79  7:33  Extractor, Drone x2  
  79  7:34  Drone x4  
  83  7:37  Hydralisk  
  83  7:43  Spore Crawler  
  84  7:45  Drone  
  84  7:49  Hydralisk x3  
  91  7:53  Zerg Melee Weapons Level 2  
  91  7:54  Zerg Ground Armor Level 2  
  89  8:00  Spore Crawler  
  71  8:41  Adrenal Glands, Ultralisk Cavern  
  69  8:52  Drone x3  
  69  8:53  Overlord x2  
  72  8:58  Hatchery, Hydralisk x3  
  77  9:04  Extractor  
  77  9:07  Drone x5  
  77  9:08  Extractor, Drone  
  81  9:15  Zergling x6  
  81  9:16  Zergling x4  
  86  9:18  Burrow  
  83  9:39  Ultralisk x2  
  83  9:42  Zergling x8  
  83  9:45  Chitinous Plating  
  99  9:55  Overseer  
  99  9:58  Drone  
  100  10:07  Drone x2  
  100  10:08  Drone  
  100  10:12  Drone  
  104  10:16  Nydus Network  
  104  10:18  Ultralisk x2  
  115  10:23  Zergling x8  
  115  10:24  Zergling x4  
  121  10:29  Zergling x2  
  121  10:31  Muscular Augments  
  122  10:36  Zergling x2  
  122  10:42  Zergling x2  
  124  10:51  Drone x2  
  124  10:52  Drone  
  124  10:56  Drone x4  
  124  10:57  Drone  
  132  11:04  Nydus Canal  
  132  11:07  Hydralisk x2  
  136  11:11  Zergling x6  
  136  11:12  Zergling x2  
  140  11:19  Drone  
  109  11:57  Zergling x6  
  109  11:59  Ultralisk x2  
  109  12:00  Ultralisk  
  108  12:03  Ultralisk x3  
  108  12:07  Drone x3  
  129  12:08  Queen  
  129  12:10  Extractor  
  129  12:12  Extractor  
  129  12:20  Hatchery  
  129  12:21  Overlord x2  
  128  12:23  Overlord  
  128  12:24  Overlord x2  
  128  12:40  Overseer  
  128  12:48  Ultralisk x2  
  140  12:52  Drone x3  
  143  13:02  Ultralisk x3  
  143  13:05  Zergling x4  
  155  13:12  Ultralisk Cavern  
  155  13:15  Spore Crawler  
  155  13:16  Lair  
  136  13:27  Nydus Canal  
  114  14:08  Hydralisk Den  
  69  14:53  Hydralisk  
  69  14:54  Hydralisk x2  
  69  14:57  Hydralisk x3  
  75  15:24  Overlord x2  
  75  15:44  Overlord  
  75  15:45  Overlord x2  
  75  15:48  Ultralisk x2  
  87  16:16  Hydralisk  
  87  16:17  Hydralisk  
  91  16:32  Overlord x2  
Show
View Real Time Build Order
Export as new Build Order

theHeaT Terran - Winner!

Build Orders: Mech 

Get SALT Encoding   

  12  0:01  SCV  
  13  0:13  SCV  
  14  0:19  Supply Depot  
  14  0:25  SCV  
  15  0:40  SCV  
  15  0:41  Barracks  
  16  0:46  Refinery  
  16  0:53  SCV  
  17  1:05  SCV  
  18  1:26  SCV  
  18  1:30  Barracks Reactor  
  19  1:41  Command Center  
  19  1:50  Supply Depot  
  19  1:54  Orbital Command  
  19  2:08  Marine x2  
  21  2:18  Bunker  
  21  2:27  Factory, SCV  
  22  2:35  Marine x2  
  24  2:43  SCV  
  25  2:53  Refinery  
  25  2:55  Orbital Command, SCV  
  26  3:07  SCV  
  27  3:18  Factory Tech Lab  
  27  3:19  SCV  
  28  3:23  Marine x2  
  30  3:31  SCV  
  31  3:39  SCV  
  32  3:43  SCV  
  32  3:46  Siege Tank  
  36  3:51  SCV  
  36  3:52  Starport  
  38  3:55  SCV  
  38  4:01  Marine x2  
  40  4:03  SCV  
  40  4:07  SCV  
  42  4:15  SCV  
  42  4:19  SCV  
  42  4:23  Siege Tank  
  46  4:32  Starport Tech Lab  
  46  4:41  Factory  
  46  4:42  Supply Depot  
  46  4:47  Supply Depot  
  46  4:55  Command Center  
  46  5:03  Marine x2  
  46  5:04  SCV x2  
  46  5:05  Armory  
  50  5:08  Engineering Bay  
  50  5:10  Banshee  
  50  5:12  Cloaking Field  
  53  5:16  SCV  
  54  5:21  Refinery  
  54  5:22  Refinery, Supply Depot  
  54  5:25  SCV  
  54  5:26  Supply Depot  
  55  5:33  SCV  
  56  5:41  Missile Turret  
  56  5:48  Supply Depot  
  56  5:49  Hellion x3  
  62  5:51  Infernal Pre-Igniter  
  62  5:54  SCV x2  
  64  6:05  Banshee  
  64  6:06  SCV x2  
  64  6:10  Orbital Command  
  69  6:19  SCV x2, Supply Depot  
  69  6:22  Thor  
  77  6:39  SCV x3  
  80  6:41  Hellion x2  
  84  6:51  Factory  
  84  6:52  SCV x2  
  86  6:55  Starport  
  86  7:05  SCV x2  
  86  7:06  SCV  
  89  7:08  Siege Tank  
  89  7:10  Hellion x2  
  96  7:26  Banshee  
  99  7:31  Hellion x2  
  99  7:37  Supply Depot  
  103  7:40  Thor  
  103  7:42  Supply Depot  
  109  7:51  Orbital Command  
  111  7:58  SCV x2  
  111  8:01  Factory Tech Lab  
  111  8:02  Starport Reactor  
  115  8:05  Hellion  
  115  8:06  Hellion  
  115  8:16  SCV x3  
  118  8:23  Siege Tank  
  121  8:28  SCV  
  120  8:42  Siege Tank, Hellion  
  125  8:49  Supply Depot  
  125  8:52  Supply Depot  
  125  8:56  Refinery  
  125  8:57  Refinery  
  125  9:10  Siege Tank, SCV x3  
  125  9:11  Hellion  
  125  9:14  Banshee  
  136  9:23  Siege Tank, SCV  
  140  9:29  Hellion  
  139  9:32  Hellion  
  141  9:41  Missile Turret  
  141  9:42  Sensor Tower  
  141  9:43  Missile Turret  
  141  9:53  Command Center  
  141  9:56  Banshee, Siege Tank, SCV x3  
  141  9:57  Hellion x3  
  141  9:58  Supply Depot  
  156  10:00  Supply Depot  
  156  10:05  Viking x2  
  160  10:10  Terran Vehicle Weapons Level 1  
  160  10:12  Supply Depot  
  160  10:16  Supply Depot  
  160  10:17  Armory  
  160  10:18  Hellion  
  160  10:20  Thor  
  168  10:27  Hellion  
  170  10:28  Siege Tank  
  173  10:39  Banshee  
  173  10:40  Hellion  
  178  10:44  Liberator  
  178  10:45  Liberator  
  178  10:47  Factory  
  178  10:48  Factory  
  175  10:59  Command Center, Hellion  
  175  11:00  Thor, Command Center  
  175  11:01  Hellion  
  175  11:02  Thor  
  197  11:22  Banshee  
  200  11:31  Missile Turret  
  165  11:59  Planetary Fortress  
  165  12:00  Command Center  
  155  12:02  Refinery  
  155  12:03  Refinery  
  155  12:12  Thor x2  
  167  12:24  Orbital Command  
  167  12:38  Hellion x2  
  167  12:39  Factory Reactor, Factory Tech Lab  
  167  12:43  Starport  
  171  12:55  Thor x2  
  154  13:58  Thor x2  
  164  14:09  Hellion x3  
  138  14:20  Thor  
  114  14:41  Thor x2  
  117  14:58  Banshee  
  116  15:01  Hellion x2  
Tags
 
Composition
Mech
League
GoldGold
Matchup
TvZ
Add a new tag
Caveats
  • Supply blocks, unpowered buildings, or Contaminate may cause inaccurate times.
  • Supply counts are checked every 10 seconds.